 Dungeon Crawl Stone Soup version 0.17.0-28-g6e173f8 (console) character file.

76 Kloppie the Insei (level 4, -5/24 HPs)
             Began as a Vine Stalker Monk on Dec 1, 2015.
             Slain by Crazy Yiuf
             ... wielding a +4 quarterstaff of chaos
              (7 damage)
             ... on level 2 of the Dungeon.
             The game lasted 00:02:46 (1479 turns).

Kloppie the Insei (Vine Stalker Monk)               Turns: 1479, Time: 00:02:46

Health: -5/24      AC:  4    Str: 14    XL:     4   Next: 32%
Magic:  0/5        EV: 13    Int: 10    God:
Gold:   63         SH:  0    Dex: 17    Spells: 0 memorised, 3 levels left

rFire  . . .     SeeInvis .       - Unarmed
rCold  . . .     Clarity  .     a - +0 robe
rNeg   . . .     SustAt   .     (no shield)
rPois  .         Gourm    .     o - +1 helmet
rElec  .         Spirit   +     (no cloak)
rCorr  .         Warding  .     (no gloves)
rMut   .         Stasis   .     (no boots)
MR     .....                    (no amulet)
Stlth  ++........               (no ring)
                                (no ring)

@: not resistant to hostile enchantments, unstealthy
A: fangs 2, regeneration 1, magic shield, antimagic bite, no device heal 3, rot
immunity
a: no special abilities


You were on level 2 of the Dungeon.
You were not hungry.

You visited 1 branch of the dungeon, and saw 2 of its levels.

You collected 63 gold pieces.

Inventory:

Armour
 a - a +0 robe (worn)
 o - a +1 helmet (worn)
Jewellery
 i - an uncursed ring of see invisible {unknown}
Scrolls
 d - 3 scrolls of identify {unknown}
 e - 2 scrolls of fog {unknown}
 k - 2 scrolls of teleportation {unknown}
 l - a scroll of remove curse {unknown}
 m - a scroll of amnesia {unknown}
Potions
 c - a potion of magic {unknown}
 f - 3 potions of curing {unknown}
 g - a potion of flight {unknown}
 j - a potion of invisibility {unknown}
 p - a potion of poison {unknown}
Comestibles
 b - 2 bread rations
 h - a meat ration
 n - 7 chunks of flesh


   Skills:
 + Level 3.5 Fighting
 - Level 2.4 Dodging
 - Level 2.4 Stealth
 + Level 5.0 Unarmed Combat


You had 3 spell levels left.
You didn't know any spells.

Dungeon Overview and Level Annotations

Branches:
Dungeon (2/15)

Altars:
Gozag

Annotations:
D:2 Crazy Yiuf


Innate Abilities, Weirdness & Mutations

You have extremely sharp teeth.
Your natural rate of healing is unusually fast.
When hurt, damage is shared between your health and your magic reserves.
Your bite disrupts and absorbs the magic of your enemies.
Potions and wands cannot restore your health.
You are immune to rotting.


Message History

* * * LOW HITPOINT WARNING * * *
You hit Crazy Yiuf. Your bite misses Crazy Yiuf.
Crazy Yiuf is heavily wounded.
Crazy Yiuf misses you.
You hit Crazy Yiuf. Your bite misses Crazy Yiuf.
Crazy Yiuf is almost dead.
Crazy Yiuf closely misses you.
You barely miss Crazy Yiuf. You bite Crazy Yiuf. You drain his power.
You feel invigorated.
Crazy Yiuf is almost dead.
Crazy Yiuf hits you with a quarterstaff of chaos!
* * * LOW HITPOINT WARNING * * *
Crazy Yiuf freezes you.
* * * LOW HITPOINT WARNING * * *
You barely miss Crazy Yiuf. Your bite misses Crazy Yiuf.
Crazy Yiuf is almost dead.
You hit Crazy Yiuf. Your punch misses Crazy Yiuf.
Crazy Yiuf is almost dead.
Crazy Yiuf hits you with a quarterstaff of chaos!
You die...

#####.#.#
#.######....###
#...#
#.#....<......#
###.#
#...........#.#
#...
#############.#
####. #.# #
♣♣♣♣♣##.##
#####♣♣♣.♣.♣.+..#
#...#♣..♣.......#
#.g@..♣♣♣♣......#
#)..#♣♣ ♣♣..+.##
##### ♣♣##.#####
#...... #######


You could see Crazy Yiuf.

Vanquished Creatures
  Robin (D:2)
  An adder (D:2)
  A worm (D:2)
  4 giant geckos
  5 bats
  2 giant cockroaches
  7 goblins
  9 hobgoblins
  5 kobolds
  A ball python (D:2)
  A giant newt (D:1)
  4 jackals (D:1)
  7 rats
48 creatures vanquished.

Notes
Turn   | Place    | Note
--------------------------------------------------------------
     0 | D:1      | Kloppie the Vine Stalker Monk began the quest for the Orb.
     0 | D:1      | Reached XP level 1. HP: 11/11 MP: 2/2
   215 | D:1      | Reached XP level 2. HP: 14/16 MP: 3/3
   541 | D:1      | Reached XP level 3. HP: 18/20 MP: 4/4
   688 | D:1      | You fall through a shaft!
   688 | D:2      | Found an opulent altar of Gozag.
  1252 | D:2      | Noticed Robin
  1276 | D:2      | Killed Robin
  1276 | D:2      | Reached skill level 5 in Unarmed Combat
  1276 | D:2      | Reached XP level 4. HP: 13/24 MP: 5/5
  1466 | D:2      | Noticed Crazy Yiuf
  1479 | D:2      | Slain by Crazy Yiuf

Action                   |  1- 3 |  4- 6 || total
-------------------------+-------+-------++-------
Melee: Unarmed           |   120 |    32 ||   152
 Stab: Sleeping          |     8 |       ||     8
  Eat: Chunk             |     1 |     1 ||     2
